 Dungeon Crawl Stone Soup version 0.17-a0-1951-g62301d3 (webtiles) character file.

284 pk666 the Magician (level 6, -9/32 HPs)
             Began as a Deep Elf Wizard on Oct 2, 2015.
             Was an Initiate of Sif Muna.
             Mangled by a gnoll
             ... wielding a +2 flail of draining
              (15 damage)
             ... on level 4 of the Dungeon.
             The game lasted 00:13:25 (4022 turns).

pk666 the Magician (Deep Elf Wizard)                Turns: 4022, Time: 00:13:26

Health: -9/32      AC:  4    Str:  4    XL:     6   Next: 7%
Magic:  0/17       EV: 12    Int: 25    God:    Sif Muna [......]
Gold:   191        SH:  0    Dex: 13    Spells: 5 memorised, 6 levels left

rFire  + . .     SeeInvis .     g - +0 dagger
rCold  . . .     Clarity  .     a - +0 robe
rNeg   . . .     SustAt   .     (no shield)
rPois  .         Gourm    .     b - +0 hat
rElec  .         Spirit   .     (no cloak)
rCorr  .         Warding  .     m - +1 pair of gloves
rMut   .         Stasis   .     (no boots)
MR     .....                    (no amulet)
Stlth  ++........               (no ring)
                                h - ring of protection from fire

@: repel missiles, drained, not resistant to hostile enchantments, unstealthy
A: no striking features
a: Renounce Religion


You were on level 4 of the Dungeon.
You worshipped Sif Muna.
Sif Muna was noncommittal.
You were very hungry.

You visited 1 branch of the dungeon, and saw 4 of its levels.

You collected 191 gold pieces.

Inventory:

Hand weapons
 g - a +0 dagger (weapon)
Armour
 a - a +0 robe (worn)
 b - a +0 hat (worn)
 m - a +1 pair of gloves (worn)
Jewellery
 h - a ring of protection from fire (left hand)
Magical devices
 v - a wand of fire (7)
Scrolls
 e - 8 scrolls of identify {unknown}
 i - a scroll of random uselessness {unknown}
 l - a scroll of magic mapping {unknown}
 q - 2 scrolls of blinking {unknown}
 r - a scroll of remove curse {unknown}
 s - a scroll of immolation {unknown}
 t - a scroll of amnesia {unknown}
Potions
 j - 2 potions of might {unknown}
 k - a potion of ambrosia {unknown}
 o - a potion of agility {unknown}
Books
 c - a book of Minor Magic

   Spells                             Type                      Level
   a - Magic Dart                     Conjuration                  1
   b - Blink                          Translocation                2
   c - Call Imp                       Summoning                    2
   d - Repel Missiles                 Charms/Air                   2
   e - Slow                           Hexes                        2
   f - Conjure Flame                  Conjuration/Fire             3
   g - Mephitic Cloud                 Conjuration/Poison/Air       3
Comestibles
 d - 5 bread rations
 f - 2 meat rations
 n - 4 fruits
 p - a slice of pizza
 u - 2 beef jerkies


   Skills:
 - Level 2.4(1.5) Dodging
 - Level 2.4(1.5) Stealth
 + Level 6.0(5.1) Spellcasting
 + Level 4.0(3.1) Conjurations
   Level 1.1(0.2) Summonings
 - Level 1.1(0.2) Translocations
 + Level 2.3(1.4) Air Magic
 + Level 2.6(1.8) Poison Magic


You had 6 spell levels left.
You knew the following spells:

 Your Spells              Type           Power        Failure   Level  Hunger
d - Conjure Flame         Conj/Fire      ##......     14%         3    ##.....
q - Blink                 Tloc           N/A          12%         2    None
w - Repel Missiles        Chrm/Air       ##....       10%         2    None
x - Mephitic Cloud        Conj/Pois/Air  ###.....     12%         3    ##.....
z - Magic Dart            Conj           ###.         2%          1    None


Dungeon Overview and Level Annotations

Branches:
Dungeon (4/15)
 Temple: D:4-7

Altars:
Fedhas
Nemelex Xobeh
Sif Muna
Vehumet


Message History

Aiming: Magic Dart
Press: ? - help, Shift-Dir - straight line, f/p - gnoll
Aim: a gnoll, wielding a flail of draining (heavily wounded)
The magic dart hits the gnoll.
The gnoll is almost dead.
Casting: Magic Dart
Confirm with . or Enter, or press ? or * to list all spells.
You don't have enough magic to cast that spell.
No previous command to re-do.
No previous command to re-do.
You completely miss the gnoll.
The gnoll is almost dead.
The gnoll barely misses you.
You hit the gnoll but do no damage.
The gnoll is almost dead.
The gnoll hits you with a flail of draining!
You feel drained.
* * * LOW HITPOINT WARNING * * *
The gnoll hits you with a flail of draining!
You die...

###########...#.###.#####.#
#...#.#.........#
#.......######### #..######
#.>.....# #.#####+# #.# .
#.# ... #@##..... #.g.).#
####..# ...) ... ##


You could see a gnoll.

Vanquished Creatures
  An orc priest (D:3)
  A crimson imp (D:4)
  10 gnolls
  3 adders
  2 oozes (D:2)
  A worm (D:2)
  4 giant geckos
  8 orcs
  10 bats
  12 goblins
  8 hobgoblins
  8 jackals
  6 kobolds
  A quokka (D:3)
  2 ball pythons
  4 giant newts
  8 rats
89 creatures vanquished.

Notes
Turn   | Place    | Note
--------------------------------------------------------------
     0 | D:1      | pk666 the Deep Elf Wizard began the quest for the Orb.
     0 | D:1      | Reached XP level 1. HP: 10/10 MP: 7/7
   276 | D:1      | Reached XP level 2. HP: 15/15 MP: 5/9
   629 | D:1      | Reached skill level 5 in Spellcasting
  1041 | D:2      | Reached XP level 3. HP: 19/19 MP: 6/11
  1045 | D:2      | Learned a level 2 spell: Blink
  1048 | D:2      | Learned a level 2 spell: Repel Missiles
  1052 | D:2      | Learned a level 3 spell: Conjure Flame
  1056 | D:2      | Learned a level 3 spell: Mephitic Cloud
  1561 | D:2      | Reached XP level 4. HP: 24/24 MP: 4/13
  1565 | D:2      | Reached skill level 1 in Air Magic
  1677 | D:2      | Reached skill level 1 in Poison Magic
  2192 | D:2      | Found a sparkling altar of Nemelex Xobeh.
  2733 | D:3      | Reached XP level 5. HP: 28/28 MP: 9/15
  2972 | D:3      | Found a radiant altar of Vehumet.
  2972 | D:3      | Found a blossoming altar of Fedhas.
  3570 | D:3      | Found a deep blue altar of Sif Muna.
  3573 | D:3      | Became a worshipper of Sif Muna the Loreminder
  4011 | D:4      | Reached XP level 6. HP: 32/32 MP: 7/16
  4013 | D:4      | Reached skill level 6 in Spellcasting
  4022 | D:4      | Mangled by a gnoll

Vault maps used:
D:1:      matt_arrival_los_fun
D:2:      first_bread, minmay_misc_feat_secret_circle, nemelex_dance_club_becter
D:3:      grunt_temple_overflow_open, lemuel_blue_sif_altar

Action                   |  1- 3 |  4- 6 || total
-------------------------+-------+-------++-------
Melee: Dagger            |    15 |     5 ||    20
 Cast: Magic Dart        |    88 |   158 ||   246
       Repel Missiles    |     1 |     1 ||     2
       Conjure Flame     |     1 |       ||     1
       Mephitic Cloud    |       |     3 ||     3
 Stab: Confused          |       |     1 ||     1
  Eat: Chunk             |     2 |     6 ||     8
